 Dungeon Crawl Stone Soup version 0.32-a0-699-g1ee5eff69a (webtiles) character file.

Game seed: 6835550202443428126

114 smashvw the Shield-Bearer (level 4, -2/41 HPs)
             Began as a Minotaur Fighter on Mar 14, 2024.
             Killed by divine providence
             ... invoked by an orc priest
              (9 damage)
             ... on level 3 of the Dungeon.
             The game lasted 00:03:16 (1141 turns).

smashvw the Shield-Bearer (Minotaur Fighter)        Turns: 1141, Time: 00:03:16

Health: -2/41      AC:  6    Str: 23    XL:     4   Next: 66%
Magic:  3/3        EV:  8    Int:  5    God:
Gold:   89         SH:  4    Dex:  9    Spells: 3/3 levels left

rFire   . . .        a - +0 war axe
rCold   . . .        c - +0 buckler
rNeg    . . .        b - +0 scale mail
rPois   .            (helmet restricted)
rElec   .            l - scarf {repulsion}
rCorr   .            (no gloves)
SInv    .            (no boots)
Will    .....        (no amulet) Stlth
                     (no ring)
HPRegen 0.26/turn    (no ring)
MPRegen 0.08/turn

%: repel missiles
@: no status effects
A: horns 2, retaliatory headbutt
a: Convert to Beogh


You were on level 3 of the Dungeon.
You visited 1 branch of the dungeon, and saw 3 of its levels.

You collected 89 gold pieces.

Inventory:

Hand Weapons
 a - a +0 war axe (weapon)
Missiles
 f - 4 poisoned darts
 h - 13 stones (quivered)
Armour
 b - a +0 scale mail (worn)
 c - a +0 buckler (worn)
 l - a scarf of repulsion (worn)
Jewellery
 o - a ring of wizardry
Scrolls
 e - 2 scrolls of identify {unknown}
 g - a scroll of noise {unknown}
 i - a scroll of teleportation {unknown}
 j - a scroll of fear {unknown}
 n - a scroll of brand weapon {unknown}
Potions
 d - a potion of might
 k - a potion of invisibility {unknown}
 m - a potion of curing {unknown}


   Skills:
 + Level 4.3 Fighting
 + Level 3.4 Axes
 + Level 1.6 Throwing
 - Level 3.6 Armour
 + Level 4.4 Shields
 + Level 1.5 Evocations


You had 3 spell levels left.
You didn't know any spells.
Your spell library contained the following spells:

 Spells                   Type           Power      Damage    Failure   Level
 Blink                    Tloc           0%         N/A       94%         2
 Lesser Beckoning         Tloc           0%         N/A       94%         2
 Momentum Strike          Conj/Tloc      0%         3d8       94%         2


Dungeon Overview and Level Annotations

Branches:
Dungeon (3/15)

Altars:


Innate Abilities, Weirdness & Mutations

You have a pair of horns on your head.
You reflexively headbutt those who attack you in melee.


Message History

The hobgoblin barely misses you. You furiously retaliate!
You headbutt the hobgoblin.
You kill the hobgoblin!
The orc priest hits you with a +2 vampiric short sword.
The orc priest draws strength from your wounds!
The ribbon worm bites you but does no damage.
The orc priest barely misses you.
You slash the orc priest!
You kill the orc priest!
You barely miss the ribbon worm. The ribbon worm closely misses you.
You furiously retaliate!
You headbutt the ribbon worm! You slash the ribbon worm!
You kill the ribbon worm!
No target in view!
Things that are here:
a +2 vampiric short sword; a +0 leather armour; an orc corpse An orc priest comes into view.
It is wielding a +0 hand axe.
The orc priest shouts!
You hear a shout! x2
An orc comes into view. It is wielding a +0 flail.
The orc shouts!
You hear a shout!
The orc priest calls down the wrath of Beogh upon you.
Beogh smites you!
The orc priest shouts, "Beogh offers mercy even to people such as you.
Join us and be reborn!" (press Y on the ability menu to convert to Beogh)
Things that are here:
a +0 flail; a +0 scale mail; an orc corpse An orc priest comes into view.
It is wielding a +0 dagger.
An orc comes into view. It is wielding a +0 club.
You block the orc priest's attack.
You barely miss the orc priest. Your headbutt misses the orc priest.
The orc priest hits you with a +0 hand axe.
An orc priest comes into view.
It is wielding a +0 war axe of freezing.
The orc priest hits you but does no damage.
The orc priest calls down the wrath of Beogh upon you.
Beogh smites you!
* * * LOW HITPOINT WARNING * * *
The orc closely misses you.
The orc priest mumbles some strange prayers to Beogh against you.
Beogh smites you!
You die...

## .# ##.####
.#
.o.o.oo#####.#
#.o@).).####.
####)<.......#
#)##.####..
#.# .# #.# ..
... ... ...
.### #..# .#
#..


You could see 3 orc priests and 2 orcs.

Vanquished Creatures
  An orc priest (D:3)
  2 adders (D:2)
  2 ribbon worms
  2 dart slugs (D:2)
  4 orcs (D:3)
  3 ball pythons
  3 endoplasms
  A giant cockroach (D:1)
  A goblin (D:2)
  8 hobgoblins
  3 jackals (D:1)
  5 kobolds
  A quokka (D:1)
  8 bats
  A frilled lizard (D:2)
  4 rats
49 creatures vanquished.

Notes
Turn   | Place    | Note
-------+----------+-------------------------------------------
     0 | D:1      | smashvw the Minotaur Fighter began the quest for the Orb.
     0 | D:1      | Reached XP level 1. HP: 19/19 MP: 0/0
   165 | D:1      | Reached XP level 2. HP: 26/27 MP: 1/1
   677 | D:2      | Reached XP level 3. HP: 32/33 MP: 2/2
   717 | D:2      | Reached skill level 1 in Throwing
   759 | D:2      | Reached skill level 1 in Evocations
  1014 | D:2      | Reached XP level 4. HP: 40/40 MP: 3/3
  1141 | D:3      | Killed from afar by an orc priest

Illustrated notes

Levels and vault maps discovered:
D:1:      dpeg_arrival_orchard, layout_rooms, serial_forest,
          infiniplex_forest_zigzag_1, infiniplex_forest_3_way,
          infiniplex_forest_straight_2, infiniplex_forest_lined_2,
          infiniplex_forest_zigzag_1, infiniplex_forest_clump_curved,
          infiniplex_forest_lined_corner
D:2:      layout_basic
D:3:      layout_loops_ring, grunt_temple_overflow_gold_and_silver, uniq_sigmund

Skill      XL: |  1  2  3 |
---------------+----------+-----
Fighting       | 4 |  4.3
Shields        | 4 |  4.4
Throwing       | 1 |  1.6
Evocations     | 1 |  1.5
Axes           | 3 |  3.4
Armour         | |  3.6

Action                     |  1- 3 |  4- 6 || total
---------------------------+-------+-------++-------
  Melee: War axe           |    88 |    16 ||   104
         Headbutt          |    11 |     2 ||    13
  Throw: Stone             |     3 |     3 ||     6
 Armour: Scale mail        |    82 |    14 ||    96
  Dodge: Dodged            |    49 |    12 ||    61
         Repelled          |       |     1 ||     1
  Block: Buckler           |    23 |     5 ||    28

Table legend: (Time is in decaauts)
 A = Elapsed time spent in this place.
 B = Non-inter-level travel time spent in this place.
 C = Inter-level travel time spent in this place.
 D = Time resting spent in this place.
 E = Time spent auto-exploring this place.
 F = Levels seen in this place.
 G = Mean time per level.
                   A        B        C        D        E       F      G
               +--------+--------+--------+--------+--------+-----+--------+
         Total |   1181 |   1147 |     34 |      0 |    863 |   3 |  393.7 |
       Dungeon |   1181 |   1147 |     34 |      0 |    863 |   3 |  393.7 |
               +--------+--------+--------+--------+--------+-----+--------+

Top non-repeatable levels by time:
     D:1: 654 daAuts
     D:2: 505 daAuts
     D:3: 21 daAuts
